 Dungeon Sprint DCSS version 0.22.1-2-g9c5b331 (webtiles) character file.

75 diana the Slasher (level 4, -4/37 HPs)
             Began as a Demonspawn Gladiator on Nov 30, 2018.
             Was an Initiate of Okawaru.
             Slain by a profane servitor
             ... wielding a +2 whip
              (18 damage)
             ... in the Dungeon (Sprint VII: "The Pits").
             The game lasted 00:03:19 (1033 turns).

diana the Slasher (Demonspawn Gladiator)            Turns: 1033, Time: 00:03:19

Health: -4/37      AC:  8    Str: 15    XL:     4   Next: 11%
Magic:  4/4        EV: 12    Int:  9    God:    Okawaru [......]
Gold:   0          SH:  0    Dex: 15    Spells: 3/3 levels left

rFire    . . .     SeeInvis .   l - +2 falchion
rCold    . . .     Gourm    .   (no shield)
rNeg     . . .     Faith    .   e - +3 ring mail
rPois    .         Spirit   .   (helmet restricted)
rElec    .         Reflect  .   (no cloak)
rCorr    .         Harm     .   (no gloves)
MR       .....     NoTele   +   (no boots)
Stlth    ++........             (no amulet)
HPRegen  0.12/turn              (no ring)
MPRegen  0.09/turn              (no ring)

@: wreathed by umbra
A: horns 1, nightstalker 1
a: Renounce Religion


You were in the Dungeon.
You worshipped Okawaru.
Okawaru was noncommittal.
You were not hungry.

You visited 1 branch

Inventory:

Hand Weapons
 a - a +0 long sword
 l - a +2 falchion (weapon)
Missiles
 d - 3 throwing nets (quivered)
Armour
 b - a +0 leather armour
 c - a +0 helmet
 e - a +3 ring mail (worn)
 s - a +2 plate armour
Magical Staves
 q - an uncursed staff of energy
Scrolls
 k - a scroll of blinking
 n - 3 scrolls of remove curse
 o - 5 scrolls of amnesia
 p - a scroll of summoning
Potions
 g - 5 potions of curing
 h - a potion of haste
 i - 4 potions of magic
 j - 2 potions of berserk rage
 m - 2 potions of invisibility
 r - 4 potions of heal wounds
Comestibles
 f - 9 rations


   Skills:
 + Level 4.0 Fighting
 * Level 6.5 Long Blades
 - Level 1.7 Throwing
 - Level 0.4 Armour
 + Level 3.7 Dodging
 - Level 0.2 Stealth


You had 3 spell levels left.
You didn't know any spells.
Your spell library was empty.

Dungeon Overview and Level Annotations

Branches:
Dungeon (1/1)

Altars:
Ashenzari
Cheibriados
Dithmenos
Elyvilon
Fedhas
Gozag
Hepliaklqana
Kikubaaqudgha
Makhleb
Nemelex Xobeh
Okawaru
Qazlal
Ru
Sif Muna
Trog
Uskayaw
Vehumet
Wu Jian
Xom
Yredelemnul
Zin
The Shining One
Beogh
Jiyva
Lugonu


Innate Abilities, Weirdness & Mutations

You have a pair of small horns on your head.
You are slightly more attuned to the shadows.


Message History

You hear a screech!
Found two items.
Something is blocking the doorway!
The red ugly thing gurgles horribly!
Something hits you but does no damage.
Deactivating autopickup; reactivate with Ctrl-A.
An adder skeleton comes into view.
The profane servitor barely misses you. x2
You completely miss the profane servitor.
Your headbutt misses the profane servitor.
Something hits you!
The profane servitor hits you with an enchanted whip!
The profane servitor draws strength from your injuries!
The profane servitor barely misses you.
A vault guard comes into view.
It is wielding a great mace of protection.
You closely miss the profane servitor.
You headbutt the profane servitor, but do no damage.
Something hits you.
The profane servitor hits you with an enchanted whip!!
You die...

######################
#....................+
#.............{@.....+
#..###########A####..#
#..# #3# #..# #..# #u#
#..# #..# #)# #..# #..#
#p# #..# #..# Z# #..#
#..################..#
##....................#


You could see a profane servitor, a vault guard, a red ugly thing, a sun demon
and a quokka zombie.

Vanquished Creatures
  3 slaves (D)
  An iguana (D)
  A worker ant (D)
  An adder (D)
  A river rat (D)
  A leopard gecko (D)
  An orc (D)
  A hobgoblin (D)
  A kobold (D)
  A ball python (D)
  A bat (D)
  A frilled lizard (D)
  A goblin (D)
15 creatures vanquished.

Notes
Turn   | Place    | Note
-------+----------+-------------------------------------------
     0 | D        | diana the Demonspawn Gladiator began the quest for the Orb.
     0 | D        | Reached XP level 1. HP: 16/16 MP: 1/1
    15 | D        | Reached skill level 3 in Long Blades
    47 | D        | Found a glowing golden altar of the Shining One.
    47 | D        | Found a glowing silver altar of Zin.
    47 | D        | Found a basalt altar of Yredelemnul.
    47 | D        | Found a shimmering altar of Xom.
    47 | D        | Found an ornate altar of the Wu Jian Council.
    47 | D        | Found a bloodstained altar of Trog.
    47 | D        | Found a deep blue altar of Sif Muna.
    47 | D        | Found a sacrificial altar of Ru.
    47 | D        | Found a stormy altar of Qazlal.
    47 | D        | Found an iron altar of Okawaru.
    47 | D        | Found a sparkling altar of Nemelex Xobeh.
    47 | D        | Found a burning altar of Makhleb.
    47 | D        | Found a viscous altar of Jiyva.
    47 | D        | Found a hazy altar of Hepliaklqana.
    47 | D        | Found an opulent altar of Gozag.
    47 | D        | Found a blossoming altar of Fedhas.
    47 | D        | Found a white marble altar of Elyvilon.
    47 | D        | Found a shadowy altar of Dithmenos.
    47 | D        | Found a snail-covered altar of Cheibriados.
    48 | D        | Found a radiant altar of Vehumet.
    48 | D        | Found a corrupted altar of Lugonu.
    48 | D        | Found a roughly hewn altar of Beogh.
    49 | D        | Found an ancient bone altar of Kikubaaqudgha.
    49 | D        | Found a hide-covered altar of Uskayaw.
    49 | D        | Found a shattered altar of Ashenzari.
    54 | D        | Became a worshipper of Warmaster Okawaru
    70 | D        | Reached skill level 4 in Long Blades
    70 | D        | Gained mutation: You have a pair of small horns on your
                  | head. [demonic ancestry]
    70 | D        | Reached XP level 2. HP: 20/23 MP: 2/2
   179 | D        | Reached skill level 5 in Long Blades
   489 | D        | Reached XP level 3. HP: 28/29 MP: 3/3
   497 | D        | Reached skill level 6 in Long Blades
   720 | D        | Noticed a slave
   720 | D        | Noticed a slave
   720 | D        | Noticed an ice beast
   720 | D        | Noticed a slave
   745 | D        | Killed a slave
   752 | D        | HP: 1/29 [iguana (9)]
   758 | D        | Gained mutation: You are slightly more attuned to the
                  | shadows. [demonic ancestry]
   758 | D        | Reached XP level 4. HP: 13/37 MP: 4/4
   772 | D        | Killed a slave
   779 | D        | Killed a slave
   789 | D        | Noticed a flying skull
  1030 | D        | Noticed a sun demon
  1030 | D        | Noticed a red ugly thing
  1030 | D        | Noticed a profane servitor
  1031 | D        | Found the +8 glaive of the Guard {elec, +Rage AC+5 SInv}
  1033 | D        | Noticed a vault guard
  1033 | D        | Slain by a profane servitor

Skill      XL: |  1  2  3 |
---------------+----------+-----
Long Blades    | 4 5 6 |  6.5
Fighting       | 3 4 |  4.0
Dodging        | 3 |  3.7
Throwing       | |  1.7
Armour         | |  0.4
Stealth        | |  0.2

Action                   |  1- 3 |  4- 6 || total
-------------------------+-------+-------++-------
Melee: Falchion          |    58 |    13 ||    71
       Long sword        |     3 |       ||     3
       Headbutt          |     9 |     3 ||    12
  Use: Potion            |     3 |     1 ||     4
Armor: Leather armour    |     7 |       ||     7
       Ring mail         |     2 |     4 ||     6
Dodge: Dodged            |    38 |     6 ||    44
       Rpst.: Long sword |     1 |       ||     1
       Falchion          |     7 |       ||     7
